 Dungeon Crawl Stone Soup version 0.19-a0-1035-gdbfb0c6 (webtiles) character file.

378 JustSomeDude the Ducker (level 6, -1/48 HPs)
             Began as a Demonspawn Monk on July 29, 2016.
             Killed from afar by an orc wizard (3 damage)
             ... with a magic dart
             ... on level 5 of the Dungeon.
             The game lasted 00:12:09 (3225 turns).

JustSomeDude the Ducker (Demonspawn Monk)           Turns: 3225, Time: 00:12:10

Health: -1/48      AC:  7    Str: 13    XL:     6   Next: 45%
Magic:  6/6        EV: 17    Int: 11    God:
Gold:   149        SH:  3    Dex: 16    Spells: 0 memorised, 5 levels left

rFire  . . .     SeeInvis .     z - +0 war axe
rCold  . . .     Gourm    .     k - +1 ring mail
rNeg   . . .     Faith    .     (no shield)
rPois  .         Spirit   .     (no helmet)
rElec  .         Dismiss  .     s - +0 cloak
rCorr  .         Reflect  +     (no gloves)
SustAt .         Harm     .     (no boots)
MR     .....     Rnd*Tele +     d - +3 amulet of reflection
Stlth  ++........               t - +4 ring of evasion
                                n - ring of teleportation

@: not resistant to hostile enchantments, unstealthy
A: claws 1, powered by death 1
a: no special abilities


You were on level 5 of the Dungeon.
You were hungry.

You visited 1 branch of the dungeon, and saw 5 of its levels.

You collected 149 gold pieces.

Inventory:

Hand Weapons
 a - a +0 spear
 z - a +0 war axe (weapon)
Armour
 b - a +0 robe
 k - a +1 ring mail (worn)
 s - a +0 cloak (worn)
Jewellery
 d - a +3 amulet of reflection (around neck)
 n - a ring of teleportation (left claw)
 t - a +4 ring of evasion (right claw)
 v - an uncursed ring of fire {unknown}
Scrolls
 f - 4 scrolls of remove curse
 g - a scroll of enchant armour
 i - a scroll of teleportation
 o - a scroll of identify {unknown}
 p - a scroll of amnesia {unknown}
 y - a scroll of recharging {unknown}
 A - a scroll of blinking {unknown}
Potions
 e - a potion of beneficial mutation {unknown}
 h - a potion of curing
 j - 2 potions of heal wounds {unknown}
 l - a potion of cure mutation {unknown}
 m - a potion of berserk rage {unknown}
 r - a potion of might {unknown}
 x - a potion of brilliance {unknown}
 C - a potion of cancellation {unknown}
Books
 u - a book of Flames

   Spells                             Type                      Level
   a - Flame Tongue                   Conjuration/Fire             1
   b - Throw Flame                    Conjuration/Fire             2
   c - Conjure Flame                  Conjuration/Fire             3
   d - Inner Flame                    Hexes/Fire                   3
   e - Sticky Flame                   Conjuration/Fire             4
   f - Fireball                       Conjuration/Fire             5
Comestibles
 c - 2 bread rations
 q - 9 fruits
 w - a chunk of flesh
 B - a meat ration


   Skills:
 + Level 4.1 Fighting
 + Level 4.0 Polearms
 + Level 2.0 Armour
 + Level 4.4 Dodging
 + Level 2.5 Stealth


You had 5 spell levels left.
You didn't know any spells.

Dungeon Overview and Level Annotations

Branches:
Dungeon (5/15)
 Temple: D:4-7

Altars:
Okawaru
Vehumet
The Shining One


Innate Abilities, Weirdness & Mutations

You have sharp fingernails.
You regenerate a little health from kills.


Message History

The orc wizard blinks!
The orc wizard points at you and mumbles some strange words.
The magic dart hits you!
* * * LOW HITPOINT WARNING * * *
Found 10 gold pieces.
Items here: )) [[ † a club; a ring mail; a short sword; a ring mail; an orc corpse The orc wizard casts a spell at you.
The magic dart hits you!
Found a scroll labeled ZEPEHI ILEK.
Things that are here:
an enchanted hand axe; a ring mail; an orc corpse The orc wizard hits you but does no damage.
The orc wizard barely misses you.
You closely miss the orc wizard.
The orc wizard is severely wounded.
The orc wizard misses you. The orc wizard casts a spell at you.
The magic dart hits you!
You die...

#...###
+.....#
##...#.#
...##.#
##....###
#.......#
#.o.....#
#.@.....#
...#..)))..#
............#
.....?....".#
.............#
.............#
......##+##.##
...... .#
....? $#


You could see an orc wizard.

Vanquished Creatures
  A centaur skeleton (D:5)
  A jelly (D:5)
  Jessica (D:3)
  An iguana (D:4)
  An orc wizard (D:4)
  3 worker ants (D:4)
  8 adders
  An ooze (D:1)
  3 worms (D:4)
  3 dart slugs
  2 giant geckos
  11 orcs
  5 giant cockroaches
  6 goblins
  5 hobgoblins
  6 jackals
  3 ball pythons
  3 bats
  2 giant newts
  2 jackal skeletons (D:4)
  8 kobolds
  3 rats
79 creatures vanquished.

Notes
Turn   | Place    | Note
-------+----------+-------------------------------------------
     0 | D:1      | JustSomeDude the Demonspawn Monk began the quest for the Orb.
     0 | D:1      | Reached XP level 1. HP: 18/18 MP: 1/1
   219 | D:1      | Gained mutation: You regenerate a little health from kills. [demonic ancestry]
   219 | D:1      | Reached XP level 2. HP: 20/24 MP: 2/2
   599 | D:1      | Gained mutation: You have sharp fingernails. [demonic ancestry]
   599 | D:1      | Reached XP level 3. HP: 29/29 MP: 3/3
   807 | D:2      | Found an iron altar of Okawaru.
  1274 | D:2      | Found a glowing golden altar of the Shining One.
  1639 | D:3      | Reached XP level 4. HP: 23/35 MP: 4/4
  1802 | D:3      | Noticed Jessica
  1821 | D:3      | Killed Jessica
  1844 | D:3      | Reached skill level 1 in Armour
  2179 | D:3      | Reached XP level 5. HP: 25/42 MP: 5/5
  2448 | D:4      | Found a radiant altar of Vehumet.
  2695 | D:4      | Reached XP level 6. HP: 15/48 MP: 6/6
  3062 | D:5      | Entered Level 5 of the Dungeon
  3221 | D:5      | HP: 1/48 [orc wizard/magic dart (11)]
  3225 | D:5      | Killed from afar by an orc wizard

Vault maps used:
D:1:      sevenhm_arrival_forest_fort_large_4
D:2:      okawaru_metal_pillars_3, first_bread, nicolae_tso_swordbearing_angel
D:3:      guppyfry_early_lair_pool, uniq_jessica
D:4:      kennysheep_little_box

Skill      XL: |  1  2  3  4  5  6 |
---------------+-------------------+-----
Dodging        | 3 4 |  4.4
Polearms       | 3 4 |  4.0
Stealth        | 2 |  2.5
Armour         | 1 2 |  2.0
Fighting       | 4 |  4.1

Action                   |  1- 3 |  4- 6 || total
-------------------------+-------+-------++-------
Melee: Spear             |   169 |   282 ||   451
       War axe           |       |    38 ||    38
  Use: Scroll            |       |     3 ||     3
 Stab: Sleeping          |     3 |     7 ||    10
  Eat: Bread ration      |     1 |       ||     1
       Chunk             |       |     3 ||     3
Armor: Robe              |     5 |       ||     5
       Ring mail         |    16 |    66 ||    82
Dodge: Dodged            |    86 |   172 ||   258
Block: Other             |    13 |    38 ||    51
       Reflection        |       |     1 ||     1
